 Dungeon Crawl Stone Soup version 0.18-a0-717-g59c076b (webtiles) character file.

408 Mindmaker the Covert (level 6, -2/30 HPs)
             Began as a Spriggan Warper on Dec 8, 2015.
             Was an Initiate of Ashenzari.
             Slain by a phantom (9 damage)
             ... on level 4 of the Dungeon.
             The game lasted 00:20:54 (4749 turns).

Mindmaker the Covert (Spriggan Warper)              Turns: 4749, Time: 00:20:55

Health: -2/30      AC:  4    Str: 11    XL:     6   Next: 57%
Magic:  7/11       EV: 19    Int: 16    God:    Ashenzari [......]
Gold:   164        SH:  0    Dex: 16    Spells: 4 memorised, 2 levels left

rFire  . . .     SeeInvis +     a - +0 short sword (curse)
rCold  + . .     Clarity  .     b - +0 robe (curse)
rNeg   . . .     SustAt   .     (shield restricted)
rPois  .         Gourm    .     (helmet restricted)
rElec  .         Spirit   .     q - +1 cloak (curse)
rCorr  .         Dismiss  .     (gloves unavailable)
rMut   .         Stasis   .     (boots unavailable)
MR     +....                    (no amulet)
Stlth  ++++......               B - +4 ring of strength (curse)
                                k - ring of protection from cold (curse)

@: very quick, somewhat resistant to hostile enchantments, stealthy
A: unfitting armour, see invisible, herbivore 3, speed 3, slow metabolism 2
a: Renounce Religion


You were on level 4 of the Dungeon.
You worshipped Ashenzari.
Ashenzari was noncommittal.
You were full.

You visited 1 branch of the dungeon, and saw 4 of its levels.

You collected 164 gold pieces.

Inventory:

Hand Weapons
 a - a cursed +0 short sword (weapon)
Armour
 b - a cursed +0 robe (worn)
 q - a cursed +1 cloak (worn)
Jewellery
 k - a cursed ring of protection from cold (left hand)
 B - a cursed +4 ring of strength (right hand)
Wands
 u - a wand of digging (11)
Scrolls
 d - a scroll of blinking
 l - 2 scrolls of immolation {unknown}
 o - a scroll of magic mapping {unknown}
 s - a scroll of random uselessness {unknown}
 w - a scroll of identify {unknown}
 x - 3 scrolls of curse weapon
 y - a scroll of curse armour
 z - 3 scrolls of noise {unknown}
 C - 3 scrolls of teleportation {unknown}
 D - a scroll of remove curse
Potions
 g - a potion of resistance {unknown}
 h - 3 potions of heal wounds {unknown}
 i - a potion of degeneration {unknown}
 j - a potion of beneficial mutation {unknown}
 m - a potion of ambrosia {unknown}
 n - 2 potions of curing
 r - a potion of haste {unknown}
 t - 2 potions of invisibility {unknown}
 A - a potion of lignification {unknown}
Books
 c - a book of Spatial Translocations

   Spells                             Type                      Level
   a - Apportation                    Translocation                1
   b - Blink                          Translocation                2
   c - Shroud of Golubria             Charms/Translocation         2
   d - Portal Projectile              Translocation                3
   e - Teleport Other                 Translocation                3
   f - Passage of Golubria            Translocation                4
Comestibles
 f - a bread ration


   Skills:
 - Level 1.5 Fighting
 - Level 5.0 Short Blades
 - Level 1.0 Throwing
 - Level 4.0 Dodging
 + Level 8.0 Stealth
 - Level 2.6 Spellcasting
 - Level 4.4 Translocations


You had 2 spell levels left.
You knew the following spells:

 Your Spells              Type           Power        Failure   Level  Hunger
a - Apportation           Tloc           ###.......   3%          1    #......
b - Shroud of Golubria    Chrm/Tloc      #.........   14%         2    ##.....
c - Blink                 Tloc           N/A          6%          2    ##.....
d - Portal Projectile     Tloc           ###...       12%         3    ###....


Dungeon Overview and Level Annotations

Branches:
Dungeon (4/15)
 Temple: D:4-7

Altars:
Ashenzari
Nemelex Xobeh


Innate Abilities, Weirdness & Mutations

You are tiny and cannot use many weapons and most armour.
You have supernaturally acute eyesight.
You are a herbivore.
You cover ground extremely quickly.
You need consume almost no food.


Message History

The phantom hits you.
* * * LOW HITPOINT WARNING * * *
The phantom blinks!
Casting: Portal Projectile
Confirm with . or Enter, or press ? or * to list all spells.
Space distorts slightly along a thin shroud covering your body.
You are too injured to fight recklessly!
You are too injured to fight recklessly!
You hit the phantom but do no damage.
The phantom is severely damaged.
The phantom closely misses you.
You closely miss the phantom.
The phantom is severely damaged.
The phantom hits you.
* * * LOW HITPOINT WARNING * * *
The phantom blinks!
You completely miss the phantom.
The phantom is severely damaged.
The phantom hits you!
You die...

#..# #........####
#..# #...........#
#?.. #...........#
#.#.##.######....#####
#.........# #........#
###..#.##.###........#
##.#.##..(.........# .
#.##...(.(......# ..
..##....(..@W...# ..
..##(>..........# ...
#..##.###........# #..
#.# #........#
#..$'........#
#####........#
###.###### #.# #.#


You could see a phantom.

Vanquished Creatures
  A scorpion (D:4)
  A worker ant (D:4)
  Natasha (twice) (D:4)
  A hound skeleton (D:4)
  12 adders
  6 gnolls (D:4)
  An ooze (D:4)
  2 adder skeletons
  A worm (D:2)
  7 giant geckos
  9 orcs (D:3)
  2 ball pythons
  7 goblins
  6 hobgoblins (D:1)
  15 jackals
  3 quokkas
  6 bats
  2 giant cockroaches
  A giant gecko skeleton (D:4)
  5 giant newts
  7 kobolds
  7 rats
104 creatures vanquished.

Notes
Turn   | Place    | Note
--------------------------------------------------------------
     0 | D:1      | Mindmaker the Spriggan Warper began the quest for the Orb.
     0 | D:1      | Reached XP level 1. HP: 10/10 MP: 5/5
   173 | D:1      | Reached XP level 2. HP: 14/14 MP: 6/6
   999 | D:1      | Reached XP level 3. HP: 15/18 MP: 8/8
  1514 | D:2      | Reached skill level 1 in Stealth
  1646 | D:2      | Found a shattered altar of Ashenzari.
  1661 | D:2      | Became a worshipper of Ashenzari the Shackled
  1855 | D:2      | Learned a level 2 spell: Shroud of Golubria
  1858 | D:2      | Learned a level 2 spell: Blink
  1867 | D:2      | Reached XP level 4. HP: 22/22 MP: 6/9
  2633 | D:3      | Reached skill level 5 in Short Blades
  2730 | D:3      | Reached XP level 5. HP: 22/25 MP: 10/10
  2869 | D:3      | Found a sparkling altar of Nemelex Xobeh.
  2902 | D:3      | Learned a level 3 spell: Portal Projectile
  3341 | D:4      | Reached skill level 5 in Stealth
  3356 | D:4      | Noticed a phantom
  3641 | D:3      | Reached skill level 6 in Stealth
  3689 | D:4      | Reached XP level 6. HP: 30/30 MP: 11/11
  3741 | D:4      | Noticed Natasha
  3767 | D:4      | Killed Natasha
  3784 | D:4      | Reached * piety under Ashenzari
  3802 | D:4      | Reached skill level 7 in Stealth
  4411 | D:4      | Noticed Natasha
  4418 | D:4      | Killed Natasha
  4418 | D:4      | Reached skill level 8 in Stealth
  4749 | D:4      | Slain by a phantom

Vault maps used:
D:1:      tarquinn_simple_flora_water_b, st_stairs_12
D:2:      lemuel_doored_altar
D:3:      roderic_whirl, nemelex_xobeh_ov_fountains_minmay
D:4:      first_bread, uniq_natasha

Action                   |  1- 3 |  4- 6 || total
-------------------------+-------+-------++-------
Melee: Short sword       |   114 |   419 ||   533
Throw: Tomahawk          |       |    25 ||    25
 Cast: Shroud of Golubri |     1 |    24 ||    25
       Portal Projectile |       |     5 ||     5
  Use: Scroll            |     3 |     2 ||     5
       Potion            |       |     1 ||     1
 Stab: Sleeping          |    10 |     9 ||    19
  Eat: Fruit             |       |     3 ||     3
       Bread ration      |       |     1 ||     1
